 Dungeon Crawl Stone Soup version 0.28.0-62-gf88900778d (webtiles) character file.

Game seed: 18269568090451357055

425094 cbfl8 the Slayer (level 22, -4/205 HPs)
             Began as a Minotaur Fighter on Aug 29, 2023.
             Was the Champion of Hepliaklqana.
             Killed from afar by a tengu reaver (55 damage)
             ... with a bolt of acid
             ... on level 5 of the Vaults.
             The game lasted 02:04:26 (64141 turns).

cbfl8 the Slayer (Minotaur Fighter)                Turns: 64141, Time: 02:04:27

Health: -4/205     AC: 43    Str: 34    XL:     22   Next: 73%
Magic:  21/21      EV:  8    Int:  5    God:    Hepliaklqana [******]
Gold:   4236       SH: 24    Dex: 24    Spells: 21/21 levels left

rFire   . . .      SeeInvis .   F - +9 broad axe (vamp)
rCold   . . .      Faith    .   e - +0 kite shield
rNeg    . . .      Spirit   .   U - +4 crystal plate armour
rPois   +          Reflect  +   (helmet restricted)
rElec   .          Harm     .   N - +1 cloak {rPois}
rCorr   .          Rampage  ∞   k - +0 pair of gloves of Prudence {Str+6}
Will    +....      Clarity  +   b - +3 pair of seven-league boots {Rampage+∞}
Stlth   ..........              f - amulet of reflection
HPRegen 1.24/turn               C - +6 ring of strength
MPRegen 0.17/turn               S - +6 ring of dexterity

@: lethally poisoned (-4 -> -4), marked, on berserk cooldown, slowed, studying 3
skills, very slow
A: reduced essence, horns 2, retaliatory headbutt, clarity, clumsy 1, mutation
resistance 1, regeneration 1, screaming 1
}: 2/15 runes: barnacled, gossamer
a: Renounce Religion, Recall Ancestor, Ancestor Identity, Transference, Idealise


You were on level 5 of the Vaults.
You worshipped Hepliaklqana.
Hepliaklqana was exalted by your worship.
You visited 8 branches of the dungeon, and saw 40 of its levels.
You visited the Abyss 3 times.
You also visited: Ossuary, Volcano and Desolation.

You collected 8056 gold pieces.
You spent 3820 gold pieces at shops.

Inventory:

Hand Weapons
 F - a +9 vampiric broad axe (weapon)
Missiles
 j - 4 throwing nets
Armour
 b - the +3 pair of seven-league boots (worn) {Rampage+∞}
   (You found it on level 4 of the Spider Nest)

   Its wearer moves as far as possible in that direction when moving towards
   enemies.
 e - a +0 kite shield (worn)
 k - the +0 pair of gloves of Prudence (worn) {Str+6}
   (You took it off Nikola on level 4 of the Spider Nest)

   Str:       It affects your strength (+6).
 N - a +1 cloak of poison resistance (worn)
 U - a +4 crystal plate armour (worn)
Jewellery
 f - an amulet of reflection (around neck)
 C - a +6 ring of strength (left hand)
 D - a ring of flight
 S - a +6 ring of dexterity (right hand)
Wands
 d - a wand of acid (11)
 g - a wand of digging (20) (quivered)
 r - a wand of mindburst (8)
 t - a wand of flame (48)
 A - a wand of polymorph (5)
 B - a wand of iceblast (1)
 E - a wand of charming (5)
Scrolls
 h - 8 scrolls of noise
 i - 8 scrolls of magic mapping
 l - 9 scrolls of fog
 m - 2 scrolls of silence
 o - 14 scrolls of identify
 w - 2 scrolls of fear
 y - a scroll of holy word
 I - 6 scrolls of immolation
 W - 4 scrolls of summoning
Potions
 a - 6 potions of might
 c - 3 potions of invisibility
 s - 3 potions of mutation
 z - 2 potions of resistance
 G - 6 potions of flight
 J - 11 potions of curing
 L - a potion of cancellation
 M - 11 potions of ambrosia
 Q - 6 potions of haste
Miscellaneous
 n - a phial of floods
 v - a condenser vane
 x - a phantom mirror
 H - a tin of tremorstones (2/2)
 V - a box of beasts
 Y - a piece from Xom's chessboard (15/15)


   Skills:
 + Level 26.0 Fighting
 - Level 20.3 Axes
 + Level 7.7 Throwing
 + Level 23.9 Armour
 + Level 0.6 Dodging
 + Level 3.0 Stealth
 + Level 23.7 Shields
 + Level 16.3 Evocations


You had 21 spell levels left.
You didn't know any spells.
Your spell library contained the following spells:

 Spells                   Type           Power      Damage    Failure   Level
 Animate Skeleton         Necr           0%         N/A       98%         1
 Apportation              Tloc           0%         N/A       98%         1
 Foxfire                  Conj/Fire      0%         2x1d4     98%         1
 Freeze                   Ice            0%         1d3       98%         1
 Magic Dart               Conj           0%         1d3       98%         1
 Sandblast                Erth           0%         2d4       98%         1
 Sting                    Tmut/Pois      0%         1d3       98%         1
 Summon Small Mammal      Summ           0%         N/A       98%         1
 Blink                    Tloc           0%         N/A       99%         2
 Call Imp                 Summ           0%         N/A       99%         2
 Ensorcelled Hibernation  Hex/Ice        0%         N/A       99%         2
 Passwall                 Tmut/Erth      0%         N/A       99%         2
 Poisonous Vapours        Pois/Air       0%         N/A       99%         2
 Scorch                   Fire           0%         2d5       99%         2
 Sublimation of Blood     Necr           0%         N/A       99%         2
 Wereblood                Tmut           0%         N/A       99%         2
 Call Canine Familiar     Summ           0%         N/A       100%        3
 Conjure Flame            Conj/Fire      0%         6-21      100%        3
 Gell's Gravitas          Tloc           0%         N/A       100%        3
 Ignite Poison            Fire/Tmut/Pois 0%         N/A       100%        3
 Inner Flame              Hex/Fire       0%         N/A       100%        3
 Lesser Beckoning         Tloc           0%         N/A       100%        3
 Mephitic Cloud           Conj/Pois/Air  0%         N/A       100%        3
 Spider Form              Tmut/Pois      0%         N/A       100%        3
 Stone Arrow              Conj/Erth      0%         3d7       100%        3
 Summon Guardian Golem    Hex/Summ       0%         N/A       100%        3
 Teleport Other           Tloc           0%         N/A       100%        3
 Animate Armour           Summ/Erth      0%         N/A       100%        4
 Animate Dead             Necr           0%         N/A       100%        4
 Cause Fear               Hex            0%         N/A       100%        4
 Flame Wave               Conj/Fire      0%         2d4       100%        4
 Fulminant Prism          Conj/Hex       0%         3d6       100%        4
 Ice Form                 Ice/Tmut       0%         N/A       100%        4
 Iskenderun's Mystic Bla  Conj/Tloc      0%         2d3       100%        4
 Olgreb's Toxic Radiance  Pois           0%         N/A       100%        4
 Petrify                  Tmut/Erth      0%         N/A       100%        4
 Sticky Flame             Conj/Fire      0%         2d3       100%        4
 Alistair's Intoxication  Tmut/Pois      0%         N/A       100%        5
 Blade Hands              Tmut           0%         N/A       100%        5
 Borgnjor's Vile Clutch   Necr/Erth      0%         N/A       100%        5
 Irradiate                Conj/Tmut      0%         3d14      100%        5
 Lee's Rapid Deconstruct  Erth           0%         3d5*      100%        5
 Manifold Assault         Tloc           0%         N/A       100%        5
 Summon Forest            Summ/Tloc      0%         N/A       100%        5
 Summon Mana Viper        Hex/Summ       0%         N/A       100%        5
 Conjure Ball Lightning   Conj/Air       0%         3x3d6     100%        6
 Death Channel            Necr           0%         N/A       100%        6
 Eringya's Noxious Bog    Tmut/Pois      0%         N/A       100%        6
 Iron Shot                Conj/Erth      0%         9d1       100%        6
 Statue Form              Tmut/Erth      0%         N/A       100%        6
 Summon Cactus Giant      Summ           0%         N/A       100%        6
 Enfeeble                 Hex            0%         N/A       100%        7
 Summon Hydra             Summ           0%         N/A       100%        7
 Discord                  Hex            0%         N/A       100%        8
 Disjunction              Tloc           0%         N/A       100%        8
 Lehudib's Crystal Spear  Conj/Erth      0%         10d2      100%        8
 Shatter                  Erth           0%         3d5*      100%        9


Dungeon Overview and Level Annotations

Branches:
Dungeon (15/15)            Temple (1/1) D:7            Lair (6/6) D:9
 Shoals (4/4) Lair:4       Spider (4/4) Lair:3        Slime (0/5) Lair:6
    Orc (2/2) D:12            Elf (3/3) Orc:2        Vaults (5/5) D:14
  Crypt (0/3) Vaults:3     Depths (0/4) D:15        Ossuary (visited)
Volcano (visited)         Desolation (visited)

Altars:
Ashenzari
Dithmenos
Elyvilon
Fedhas
Hepliaklqana
Kikubaaqudgha
Makhleb
Nemelex Xobeh
Okawaru
Qazlal
Ru
Sif Muna
Trog
Uskayaw
Vehumet
Wu Jian
Xom
Yredelemnul
Beogh
Jiyva

Shops:
D:13 *   Orc:1 :   Orc:2 =(*(:   Elf:1 *   Elf:2 !   Elf:3 :   Shoals:2 !
Shoals:4 !

Annotations:
Elf:1 1 runed translucent door
Elf:2 1 runed translucent door


Innate Abilities, Weirdness & Mutations

Your life essence is reduced to manifest your ancestor. (-10% HP)
You have a pair of horns on your head.
You reflexively headbutt those who attack you in melee.
You possess an exceptional clarity of mind.
You are clumsy. (Dex -2)
You are somewhat resistant to further mutation.
Your natural rate of healing is unusually fast.
You occasionally shout uncontrollably at your foes.


Message History

The ironbound preserver looks frightened!
The quicksilver dragon looks frightened!
The tengu reaver looks frightened!
The two-headed ogre looks frightened! x2
The ogre looks frightened!
The two-headed ogre looks frightened! x2
You feel very sick.
A two-headed ogre comes into view.
It is wielding two +0 giant spiked clubs.
The tengu reaver points at you and mumbles some strange words.
The bolt of fire hits you!!
The deep elf sorcerer howls, "Help!"
The fire giant is empowered by something's aura!
The tengu reaver gestures at you while chanting.
The bolt of negative energy hits you but does no damage.
As you read the scroll of summoning, it crumbles to dust.
Wisps of shadow whirl around you...
You feel sick.
The yaktaur captain wields a +0 arbalest.
The yaktaur captain shoots a bolt.
You reflect the bolt off an invisible shield around you!
The bolt hits the yaktaur captain!!
The tengu reaver casts a spell at you. The bolt of lightning hits you!!
An ogre comes into view. It is wielding a +0 giant club.
Unknown command.
Okay, then.
You feel much better.
You feel sick.
The stone giant seems to regain its courage.
The fire giant seems to regain its courage.
The tengu reaver seems to regain its courage.
The two-headed ogre hits your deep troll with a +0 giant spiked club.
The two-headed ogre closely misses your deep troll.
The fire giant points at you and mumbles some strange words.
The bolt of fire misses you.
The tengu reaver gestures at you while chanting.
The bolt of lightning misses you.
The fire giant points at you and mumbles some strange words.
The bolt of fire hits you!!!
* * * LOW HITPOINT WARNING * * *
The stone giant throws a large rock.
The large rock hits your deep troll!!
The tengu reaver gestures at you while chanting.
The bolt of acid hits you!!!
You die...

#.##..#O...............
##.#O.O.............
#.#.O..#...........
..#OO..#...........
#.#..T.#...........
#Q..T#.()........
#..pp#.........##
#.p..#.........#
#.T@p#.........#
#.T.p#.......⌠.#
#....#.........#
#C...#.....#####
#.QDC#.....#
#.c..#.....# #
#..ep#...C.#
..#....#....##
#.#....#.*..#


You could see a storm dragon, a fire giant (empowered), a stone giant, a vault
warden (empowered), 2 tengu reavers, a yaktaur captain, 4 two-headed ogres, a
deep elf high priest (brilliance aura), an ogre, a friendly vault warden
(summoned), 2 friendly vault guards, 2 friendly deep trolls, a friendly vault
sentinel (summoned), a friendly ironbound convoker (summoned), a friendly deep
troll earth mage (summoned) and a friendly deep troll shaman (summoned).

Vanquished Creatures
  Mara (Vaults:4)
  Sojobo (Vaults:4)
  Nikola (Spider:4)
  A golden dragon (Vaults:5)
  Arachne (Spider:4)
  3 tentacled monstrosities
  Rupert (D:14)
  A lich (Abyss:4)
  A titan (Vaults:1)
  A deep elf master archer (Elf:3)
  Frances (Elf:1)
  2 krakens
  3 tentacled starspawn (Abyss:2)
  A storm dragon (Vaults:5)
  4 tengu reavers
  A revenant (Abyss:2)
  A fire giant (Vaults:2)
  A frost giant (Vaults:5)
  Aizul (Spider:4)
  5 deep elf sorcerers
  2 imperial myrmidons (Desolation)
  4 emperor scorpions
  An orc warlord (Vaults:1)
  A ghost moth (Spider:4)
  3 vault wardens
  11 ironbound preservers
  A ghoul (D:13)
  A quicksilver ooze (shapeshifter) (Abyss:2)
  2 broodmothers
  2 stone giants
  7 very ugly things
  A deep elf demonologist (Elf:3)
  5 ironbound thunderhulks
  2 entropy weavers
  Nessos (Lair:5)
  7 deep elf annihilators
  The ghost of cbfl8 the Cleaver, a journeyman MiBe of Trog (D:13)
  3 halazid warlocks (Desolation)
  2 dire elephants
  2 crystal guardians
  A blizzard demon (Abyss:4)
  2 merfolk javelineers (Shoals:1)
  4 merfolk impalers
  6 deep elf death magi
  8 yaktaur captains
  Fannar (Lair:1)
  4 ragged hierophants (Desolation)
  5 deep elf high priests
  6 servants of whispers
  3 great orbs of eyes
  2 boulder beetles
  A rakshasa (Abyss:4)
  5 peacekeepers
  5 hydras
  21 vault guards
  2 ogre magi
  A jorogumo (Spider:1)
  2 catoblepae
  4 ironbound frosthearts
  13 centaur warriors
  2 radroaches (Spider:4)
  17 two-headed ogres
  A merfolk avatar (Shoals:4)
  Erica (Lair:1)
  26 dancing weapons
  2 merfolk aquamancers (Shoals:1)
  5 satyrs
  2 alligator snapping turtles
  2 tengu warriors
  A soul eater (Abyss:4)
  The ghost of macfelon the Thaumaturge, a journeyman DECj of Vehumet (Lair:1)
  15 deep elf knights
  A vampire mage (Abyss:3)
  An orc high priest (Elf:2)
  4 thrashing horrors
  A sun demon (Abyss:2)
  A titan skeleton (Abyss:3)
  2 sun moths
  2 spatial maelstroms
  2 wretched stars
  3 skeletal warriors
  6 large abominations
  5 pharaoh ants
  A glowing orange brain (Vaults:2)
  A spark wasp zombie (D:15)
  33 deep trolls
  9 sea snakes
  8 deep elf archers
  9 steelbarb worms
  A shadow dragon zombie (Vaults:4)
  4 orb spiders
  9 lindwurms
  A tengu zombie (D:15)
  31 deep elf pyromancers
  5 wizards
  12 ironbound convokers
  8 orc knights
  5 phantasmal warriors
  9 harpies
  A necromancer (Vaults:2)
  5 salamanders (Volcano)
  16 wolf spiders
  26 deep elf zephyrmancers
  11 orc sorcerers
  7 cyclopes
  41 ugly things
  7 manticores
  22 fauns
  2 worldbinders
  A fire giant skeleton (Vaults:4)
  5 moths of wrath
  22 starcursed masses
  6 black mambas
  2 guardian serpents (shapeshifter)
  A black mamba (shapeshifter) (Elf:3)
  Joseph (Lair:1)
  2 merfolk sirens (Shoals:3)
  5 guardian serpents
  8 elephants (Lair:6)
  An orange demon (Abyss:2)
  A smoke demon (Abyss:2)
  A molten gargoyle (Desolation)
  A yaktaur zombie (Vaults:2)
  4 torpor snails
  12 vault sentinels
  10 cane toads
  4 gargoyles
  An unseen horror (D:9)
  4 demonic crawlers
  2 human zombies
  3 rime drakes
  5 komodo dragons
  2 freezing wraiths
  An efreet (Abyss:4)
  25 yaktaurs
  A queen bee (D:15)
  2 silent spectres
  3 trolls
  A hornet (shapeshifter) (Abyss:2)
  6 meliai
  12 polar bears (Lair:6)
  19 slime creatures
  19 merfolk
  6 wind drakes
  48 saltlings
  30 tarantellas
  3 hornets
  4 dream sheep
  An ettin zombie (Vaults:2)
  10 blink frogs
  11 raiju
  2 snapping turtles
  21 jumping spiders
  8 water elementals
  Sigmund (D:2)
  25 culicivoras
  3 shadows
  A vampire (D:12)
  An air elemental (Elf:2)
  A basilisk (shapeshifter) (D:13)
  16 yaks
  A wraith (D:12)
  5 wyverns
  3 chaos spawn
  A fire elemental (Elf:3)
  A neqoxec (Abyss:4)
  52 redbacks
  A fire bat (Abyss:2)
  6 spatial vortices (Abyss:4)
  3 vampire mosquitoes
  4 basilisks
  3 wargs
  3 steam dragons
  5 small abominations
  An acid dragon (D:10)
  16 water moccasins
  2 floating eyes (shapeshifter)
  12 hell hounds (Lair:6)
  13 black bears
  12 orc warriors
  2 sky beasts
  3 ice beasts
  18 ogres
  A necrophage (D:8)
  19 wolves
  14 centaurs
  4 boggarts
  A phantom (D:2)
  Blork the orc (D:5)
  3 kobold brigands
  10 bullfrogs
  A human skeleton (Vaults:2)
  2 earth elementals
  3 scorpions
  A gnoll sergeant (D:11)
  A wyvern skeleton (D:7)
  A human simulacrum (Vaults:2)
  12 killer bees
  12 wights
  3 electric eels (D:7)
  10 howler monkeys
  5 hounds
  10 centaur zombies
  2 jellies
  4 quasits
  2 bullfrog zombies
  12 orc priests
  An iguana (D:7)
  2 iron imps
  30 orc wizards
  5 hell rats (Lair:5)
  A killer bee zombie (D:7)
  8 mummies
  A howler monkey zombie (D:10)
  4 adders
  3 gnolls (D:11)
  A white imp (Vaults:2)
  An ufetubus (Abyss:2)
  2 adder skeletons
  5 worms
  A dart slug (D:3)
  66 orcs
  13 endoplasms
  3 giant cockroaches
  7 goblins
  11 hobgoblins
  11 jackals
  7 quokkas
  8 ball pythons
  4 bats
  6 frilled lizards
  2 hobgoblin zombies (Ossuary)
  22 kobolds
  5 rats
  2 rat zombies (D:4)
  5 bushes (Lair:3)
  A lurking horror (Abyss:4)
  2 starspawn tentacles (Abyss:2)
  3 tentacles (Shoals:3)
1503 creatures vanquished.

Vanquished Creatures (collateral kills)
  A dread lich (Vaults:5)
  A lich (Vaults:1)
  A deep elf blademaster (Elf:2)
  Polyphemus (Shoals:4)
  A tentacled starspawn (Abyss:2)
  A tengu reaver (Vaults:5)
  An imperial myrmidon (Desolation)
  4 vault wardens
  A deep elf sorcerer (Elf:3)
  4 emperor scorpions (Spider:4)
  An angel (Abyss:2)
  The ghost of cbfl8 the Severer, a journeyman HOBe of Trog (Lair:1)
  2 deep elf elementalists (Elf:3)
  3 ironbound preservers
  3 ironbound thunderhulks
  2 war gargoyles
  4 very ugly things
  A broodmother (Spider:4)
  2 stone giants
  A deep elf demonologist (Elf:3)
  2 dire elephants (Vaults:4)
  5 deep elf annihilators
  2 entropy weavers
  A spark wasp (Spider:3)
  2 merfolk javelineers
  A deep elf death mage (Elf:3)
  2 merfolk impalers (Shoals:4)
  4 ettins (Vaults:5)
  A crystal guardian (Vaults:4)
  3 yaktaur captains
  2 deep elf high priests (Elf:3)
  7 vault guards
  3 ragged hierophants (Desolation)
  4 hydras
  4 servants of whispers
  A boulder beetle (Vaults:3)
  4 peacekeepers
  A centaur warrior (Vaults:1)
  3 merfolk avatars
  2 jorogumos
  An ironbound frostheart (Vaults:4)
  A death knight (D:12)
  A catoblepas (Lair:6)
  5 dancing weapons (Elf:2)
  5 two-headed ogres
  A vampire mage (D:15)
  2 merfolk aquamancers (Shoals:1)
  A satyr (Shoals:4)
  2 tengu warriors
  2 death yaks (Shoals:4)
  Urug (Orc:2)
  Nergalle (Lair:2)
  7 deep elf knights
  A titan zombie (Vaults:4)
  A hell knight (Volcano)
  Sonja (Lair:5)
  A sun demon (Abyss:2)
  A thrashing horror (Abyss:2)
  A salamander mystic (Volcano)
  2 skeletal warriors
  2 wretched stars
  A pharaoh ant (Spider:4)
  A spatial maelstrom (Abyss:4)
  2 steelbarb worms
  4 sea snakes (Shoals:1)
  A sun moth (Spider:3)
  16 deep trolls
  An orb spider (Spider:4)
  3 ironbound convokers
  2 wizards
  3 lindwurms
  3 deep elf archers
  3 necromancers
  7 deep elf zephyrmancers
  3 harpies (Shoals:2)
  8 deep elf pyromancers
  2 orc sorcerers
  2 stone giant zombies (D:15)
  9 ugly things
  11 wolf spiders
  5 fauns
  A will-o-the-wisp (Abyss:3)
  A moth of wrath (Spider:3)
  5 cyclopes
  3 manticores
  3 merfolk sirens (Shoals:4)
  A salamander (Volcano)
  A guardian serpent (Elf:3)
  3 black mambas (Lair:6)
  4 centaur zombies
  2 elephants (Lair:6)
  An apocalypse crab (Abyss:2)
  A smoke demon (Abyss:4)
  A molten gargoyle (Desolation)
  3 water nymphs
  4 vault sentinels
  4 cane toads
  A torpor snail (Spider:2)
  A komodo dragon (shapeshifter) (D:14)
  2 komodo dragons
  A kobold demonologist (D:12)
  6 yaktaurs
  3 polar bears (Lair:6)
  A troll (Orc:2)
  A meliai (Spider:3)
  13 merfolk
  9 tarantellas
  4 wind drakes
  10 saltlings
  11 slime creatures
  3 dream sheep (Shoals:2)
  3 blink frogs (Lair:6)
  A hornet (Lair:2)
  A raiju (Abyss:4)
  6 jumping spiders
  3 snapping turtles
  7 culicivoras
  5 starcursed masses
  A vampire (Abyss:4)
  3 water elementals
  A shadow (D:9)
  A wraith (D:10)
  A yak (Lair:6)
  A wyvern (Lair:6)
  A fire elemental (Elf:1)
  2 vampire mosquitoes
  A basilisk (Lair:5)
  2 neqoxecs
  The ghost of cbfl8 the Covered, an amateur DsFi of Okawaru (D:4)
  14 redbacks
  6 wargs
  2 spatial vortices (Abyss:4)
  10 water moccasins
  3 hell hounds
  4 black bears
  2 orc warriors
  4 wolves
  2 ogres (Orc:2)
  6 centaurs
  A kobold brigand (D:12)
  2 bullfrogs (Lair:2)
  2 earth elementals
  3 small abominations (Abyss:2)
  6 killer bees
  2 howler monkeys (D:12)
  A hell rat (Lair:5)
  8 orc wizards
  2 mummies (D:13)
  5 orcs (Orc:2)
  2 plants (Shoals:4)
  A starspawn tentacle (Abyss:2)
450 creatures vanquished.

Vanquished Creatures (others)
  A deep elf knight (Elf:2)
  A sea snake (Shoals:1)
  A deep elf zephyrmancer (Elf:2)
  A wizard (D:8)
  A saltling (Desolation)
  A small abomination (Abyss:4)
  A howler monkey (D:7)
  An ancestor (D:9)
  54 battlemagi
  4 demonic plants (Abyss:2)
  2 foxfires (Abyss:3)
  36 fungi
  340 plants
  5 starspawn tentacles (Abyss:2)
  18 tentacles
  12 withered plants
479 creatures vanquished.

Grand Total: 2432 creatures vanquished

Notes
Turn   | Place    | Note
-------+----------+-------------------------------------------
     0 | D:1      | cbfl8 the Minotaur Fighter began the quest for the Orb.
     0 | D:1      | Reached XP level 1. HP: 19/19 MP: 0/0
   292 | D:1      | Reached XP level 2. HP: 14/27 MP: 1/1
   447 | D:1      | Found a faded altar of an unknown god.
   795 | D:1      | Reached skill level 4 in Fighting
   887 | D:1      | Reached XP level 3. HP: 33/33 MP: 2/2
  1246 | D:2      | Reached skill level 1 in Evocations
  1337 | D:2      | Noticed Sigmund
  1702 | D:2      | Reached XP level 4. HP: 40/40 MP: 3/3
  1723 | D:2      | Noticed a phantom
  1736 | D:2      | Killed a phantom
  1737 | D:2      | Reached XP level 5. HP: 25/47 MP: 4/4
  2064 | D:2      | Killed Sigmund
  2065 | D:2      | Reached skill level 5 in Armour
  2065 | D:2      | Reached XP level 6. HP: 51/53 MP: 5/5
  2502 | D:3      | Reached skill level 5 in Axes
  3516 | D:4      | Reached XP level 7. HP: 59/60 MP: 6/6
  3694 | D:4      | Reached skill level 5 in Fighting
  3818 | D:4      | Found a sand-covered staircase.
  3826 | Ossuary  | Entered an ossuary
  3890 | Ossuary  | Gained mutation: Your natural rate of healing is unusually
                  | fast. [potion of mutation]
  3890 | Ossuary  | Gained mutation: You expend magic power (3 MP) to
                  | strengthen your wands. [potion of mutation]
  3890 | Ossuary  | Gained mutation: Your magical capacity is low. (-10% MP)
                  | [potion of mutation]
  4280 | D:4      | Found a runed translucent door.
  4345 | D:4      | Noticed cbfl8's ghost (amateur DsFi)
  4500 | D:5      | Entered Level 5 of the Dungeon
  4523 | D:5      | Reached XP level 8. HP: 8/69 MP: 6/6
  4665 | D:5      | Reached skill level 5 in Shields
  4935 | D:5      | Noticed Blork the orc
  4944 | D:5      | Killed Blork the orc
  5257 | D:5      | Found a shimmering altar of Xom.
  5277 | D:5      | Found a basalt altar of Yredelemnul.
  5279 | D:5      | Found a sparkling altar of Nemelex Xobeh.
  5523 | D:6      | Reached skill level 6 in Fighting
  5913 | D:6      | Reached XP level 9. HP: 70/78 MP: 7/7
  6354 | D:7      | Found a burning altar of Makhleb.
  6354 | D:7      | Found an iron altar of Okawaru.
  6354 | D:7      | Found a blossoming altar of Fedhas.
  6354 | D:7      | Found a sacrificial altar of Ru.
  6360 | D:7      | Reached skill level 5 in Evocations
  6369 | D:7      | Found an ornate altar of the Wu Jian Council.
  6371 | D:7      | Found a shadowy altar of Dithmenos.
  7240 | D:7      | Found a staircase to the Ecumenical Temple.
  7350 | Temple   | Entered the Ecumenical Temple
  7362 | Temple   | Became a worshipper of Hepliaklqana the Forgotten
  7501 | D:8      | Reached skill level 10 in Axes
  7535 | D:8      | Paralysed by a hornet for 2 turns
  7791 | D:7      | Reached skill level 7 in Fighting
  7969 | D:7      | Noticed a seven-headed hydra
  7984 | D:7      | Killed a ten-headed hydra
  8001 | D:7      | Reached XP level 10. HP: 53/86 MP: 8/8
  8085 | D:7      | Noticed a boulder beetle
  8085 | D:7      | Noticed a deep elf pyromancer
  8085 | D:7      | Noticed a purple ugly thing
  8085 | D:7      | Noticed a two-headed ogre
  8085 | D:7      | Noticed a red ugly thing
  8479 | D:8      | Noticed a manticore
  8489 | D:8      | Killed a manticore
  8749 | D:8      | Found a bloodstained altar of Trog.
  8750 | D:8      | Noticed a wizard
  8755 | D:8      | Killed a wizard
  8891 | D:8      | Found a shimmering blue altar of Sif Muna.
  8969 | D:8      | Found a radiant altar of Vehumet.
  9076 | D:7      | Reached skill level 8 in Fighting
  9108 | D:7      | Killed a boulder beetle
  9151 | D:7      | Killed a deep elf pyromancer
  9337 | D:9      | Reached * piety under Hepliaklqana
  9410 | D:9      | Found a staircase to the Lair.
  9474 | D:9      | Noticed a two-headed ogre
  9485 | D:9      | Killed a two-headed ogre
  9782 | D:9      | Reached XP level 11. HP: 64/85 MP: 8/8
  9849 | D:9      | Reached skill level 10 in Armour
 10059 | D:9      | Reached ** piety under Hepliaklqana
 10060 | D:9      | Noticed a two-headed ogre
 10069 | D:9      | Killed a two-headed ogre
 10070 | D:9      | Remembered your ancestor Valentine as a battlemage
 10444 | D:10     | Entered Level 10 of the Dungeon
 10937 | D:10     | Reached skill level 9 in Fighting
 11389 | D:10     | Noticed a two-headed ogre
 11397 | D:10     | Killed a two-headed ogre
 11809 | D:10     | Noticed a six-headed hydra
 11817 | D:10     | Killed an eight-headed hydra
 12089 | D:11     | Identified the +1 leather armour of a Million Nights {rF+
                  | rCorr Str+2}
 12151 | D:11     | Noticed a red ugly thing
 12159 | D:11     | Killed a red ugly thing
 12445 | D:12     | Noticed a deep elf pyromancer
 12456 | D:12     | Killed a deep elf pyromancer
 12706 | D:12     | Noticed a phantasmal warrior
 12707 | D:12     | Noticed a phantasmal warrior
 12708 | D:12     | Noticed a death knight
 13896 | D:8      | Killed a purple ugly thing
 14033 | D:8      | Killed a purple ugly thing
 14034 | D:8      | Reached XP level 12. HP: 76/95 MP: 0/9
 14038 | D:8      | Killed a two-headed ogre
 14039 | D:8      | Reached skill level 10 in Fighting
 14420 | D:12     | Noticed a two-headed ogre
 14431 | D:12     | Killed a two-headed ogre
 14747 | D:12     | Reached *** piety under Hepliaklqana
 14783 | D:12     | Noticed a two-headed ogre
 14787 | D:12     | Killed a two-headed ogre
 14788 | D:12     | Noticed a two-headed ogre
 14796 | D:12     | Killed a two-headed ogre
 14980 | D:12     | Identified a scroll of acquirement
 14981 | D:12     | Acquired 1187 gold pieces
 14988 | D:12     | Found a staircase to the Orcish Mines.
 15393 | D:12     | Killed a death knight
 15586 | D:13     | Noticed a ghoul
 16026 | D:13     | Noticed a centaur warrior
 16034 | D:13     | Killed a centaur warrior
 16035 | D:13     | Reached skill level 15 in Axes
 16089 | D:13     | Noticed a two-headed ogre
 16094 | D:13     | Killed a two-headed ogre
 16153 | D:13     | Found a runed translucent door.
 16154 | D:13     | Noticed cbfl8's ghost (journeyman MiBe)
 16473 | D:13     | Found Voal's Gadget Gallery.
 16478 | D:13     | Bought a wand of paralysis (2) for 48 gold pieces
 16478 | D:13     | Bought a wand of iceblast (4) for 96 gold pieces
 16586 | D:13     | Killed a ghoul
 16587 | D:13     | Reached XP level 13. HP: 103/103 MP: 7/10
 16890 | D:13     | Reached skill level 11 in Fighting
 17094 | D:13     | Acquired a +3 broad axe of distortion
 17521 | D:14     | Reached **** piety under Hepliaklqana
 17599 | D:14     | Noticed Rupert
 17872 | D:14     | Killed Rupert
 18557 | D:15     | Entered Level 15 of the Dungeon
 20737 | D:14     | Reached skill level 10 in Evocations
 20964 | D:15     | Found a staircase to the Depths.
 21190 | D:14     | Found a gate to the Vaults.
 21933 | D:15     | Found an ancient bone altar of Kikubaaqudgha.
 21998 | D:15     | Reached skill level 12 in Fighting
 22003 | D:15     | Reached skill level 15 in Armour
 22017 | D:15     | Reached XP level 14. HP: 45/113 MP: 4/11
 22619 | D:15     | Reached skill level 10 in Shields
 23700 | D:15     | Found a staircase to the Depths.
 23800 | D:15     | Found an ancient bone altar of Kikubaaqudgha.
 24238 | Lair:1   | Entered Level 1 of the Lair of Beasts
 24238 | Lair:1   | Found a runed translucent gate.
 24238 | Lair:1   | Found a runed translucent gate.
 24238 | Lair:1   | Found a runed translucent gate.
 24294 | Lair:1   | Noticed Erica
 24305 | Lair:1   | Killed Erica
 24684 | Lair:1   | Noticed Joseph
 24693 | Lair:1   | Killed Joseph
 24848 | Lair:1   | Noticed Fannar
 24860 | Lair:1   | Killed Fannar
 25051 | Lair:1   | Noticed macfelon's ghost (journeyman DECj)
 25051 | Lair:1   | Noticed cbfl8's ghost (journeyman HOBe)
 25214 | Lair:2   | Noticed Nergalle
 25220 | Lair:2   | Killed Nergalle
 25460 | Lair:2   | Reached skill level 13 in Fighting
 25520 | Lair:2   | Reached ***** piety under Hepliaklqana
 27015 | Lair:3   | Found a hole to the Spider Nest.
 28065 | Lair:4   | Found a staircase to the Shoals.
 28494 | Lair:5   | Reached ****** piety under Hepliaklqana
 28518 | Lair:5   | Noticed Sonja
 28527 | Lair:5   | Killed Sonja
 28592 | Lair:5   | Noticed Nessos
 28620 | Lair:5   | Killed Nessos
 29056 | Lair:6   | Entered Level 6 of the Lair of Beasts
 29171 | Lair:6   | Reached XP level 15. HP: 123/123 MP: 12/12
 29573 | Lair:6   | Reached skill level 14 in Fighting
 29706 | Lair:6   | Found a viscous altar of Jiyva.
 29706 | Lair:6   | Found a staircase to the Slime Pits.
 31697 | Orc:1    | Entered Level 1 of the Orcish Mines
 31745 | Orc:1    | Found a dark tunnel.
 31758 | Volcano  | Entered a volcano
 31860 | Volcano  | Found a burning altar of Makhleb.
 32227 | Orc:1    | Found a transporter.
 32252 | Orc:1    | Found Faliuree's Self-Improvement Boutique.
 32300 | Orc:1    | Bought a manual of Fighting for 880 gold pieces
 32474 | Orc:1    | Found a transporter.
 32546 | Orc:1    | Found a bloodstained altar of Trog.
 32546 | Orc:1    | Found the necklace of Bloodlust {*Rage Will++ Int-3 Slay+6}
 32615 | Orc:1    | Found a runed translucent door.
 32617 | Orc:1    | Noticed a deep elf sorcerer
 32627 | Orc:1    | Reached skill level 15 in Fighting
 33116 | Orc:2    | Entered Level 2 of the Orcish Mines
 33119 | Orc:2    | Found a staircase to the Elven Halls.
 33139 | Orc:2    | Reached XP level 16. HP: 134/134 MP: 13/13
 33275 | Orc:2    | Found Offec's Weapon Shoppe.
 33275 | Orc:2    | Found Oromno's Book Boutique.
 33495 | Orc:2    | Noticed Urug
 33502 | Orc:2    | Killed Urug
 33718 | Orc:2    | Found Lifoz Vococs's Weapon Shoppe.
 33718 | Orc:2    | Found Hieneo's General Store.
 33740 | Orc:2    | Bought a scroll of teleportation for 45 gold pieces
 33762 | Orc:2    | Gained mutation: You possess an exceptional clarity of
                  | mind. [a neqoxec]
 33764 | Orc:2    | Found Hup Tub's Jewellery Emporium.
 33827 | Orc:2    | Bought a +6 ring of dexterity for 877 gold pieces
 33963 | Orc:2    | Paralysed by something for 3 turns
 34011 | Orc:2    | Got the Grimoire of the Mountains and Dislocation
 34275 | Elf:1    | Entered Level 1 of the Elven Halls
 34275 | Elf:1    | Found a runed translucent gate.
 34275 | Elf:1    | Found a runed translucent gate.
 34275 | Elf:1    | Found a runed translucent gate.
 34275 | Elf:1    | Found a runed translucent gate.
 34275 | Elf:1    | Found a runed translucent gate.
 34275 | Elf:1    | Found a runed translucent gate.
 34280 | Elf:1    | Found a runed translucent door.
 34285 | Elf:1    | Cast into level 2 of the Abyss (a deep elf sorcerer)
 34285 | Abyss:2  | Found a runed translucent gate.
 34285 | Abyss:2  | Found a runed translucent gate.
 34285 | Abyss:2  | Found a runed translucent gate.
 34409 | Abyss:3  | Found a corrupted altar of Lugonu.
 34448 | Abyss:3  | Found a corrupted altar of Lugonu.
 34511 | Elf:1    | Escaped the Abyss
 34833 | Spider:1 | Entered Level 1 of the Spider Nest
 35182 | Shoals:1 | Entered Level 1 of the Shoals
 35198 | Shoals:1 | Reached skill level 16 in Fighting
 37898 | Shoals:2 | Reached skill level 17 in Fighting
 38086 | Shoals:2 | Noticed a kraken
 38274 | Shoals:2 | Killed a kraken
 38951 | Shoals:2 | Found Nick's Distillery.
 38998 | Shoals:2 | Bought a potion of haste for 190 gold pieces
 38998 | Shoals:2 | Bought a potion of heal wounds for 95 gold pieces
 38998 | Shoals:2 | Bought a potion of heal wounds for 95 gold pieces
 38998 | Shoals:2 | Bought a potion of curing for 57 gold pieces
 38998 | Shoals:2 | Bought 2 potions of ambrosia for 304 gold pieces
 39482 | Shoals:3 | Reached XP level 17. HP: 102/145 MP: 14/14
 39710 | Shoals:3 | Noticed a kraken
 39726 | Shoals:3 | Killed a kraken
 40932 | D:4      | Killed cbfl8's ghost
 41075 | Lair:1   | Killed cbfl8's ghost
 41076 | Lair:1   | Killed macfelon's ghost
 41296 | D:13     | Killed cbfl8's ghost
 41909 | Spider:1 | Reached skill level 18 in Fighting
 42101 | Spider:1 | Reached skill level 15 in Shields
 42720 | Spider:1 | Identified the +4 hand axe of the Dragonfly {drain, rC+
                  | rCorr Int+2}
 44503 | Spider:3 | Reached skill level 19 in Fighting
 45199 | Spider:3 | Found a hide-covered altar of Uskayaw.
 45273 | Spider:4 | Entered Level 4 of the Spider Nest
 45273 | Spider:4 | Identified the +0 pair of gloves of Prudence {Str+6}
 45273 | Spider:4 | Noticed Nikola
 45671 | Spider:4 | Reached XP level 18. HP: 158/158 MP: 15/15
 46061 | Spider:4 | Killed Nikola
 46705 | Spider:4 | Noticed Arachne
 46730 | Spider:4 | Killed Arachne
 46830 | Spider:4 | Noticed Aizul
 46839 | Spider:4 | Reached skill level 20 in Fighting
 46842 | Spider:4 | Found the +3 pair of seven-league boots {Rampage+∞}
 46869 | Spider:4 | Killed Aizul
 47281 | Spider:4 | Got a gossamer rune of Zot
 47685 | Shoals:4 | Entered Level 4 of the Shoals
 48666 | Shoals:4 | Found Exuecen's Distillery.
 48737 | Shoals:4 | Bought a potion of curing for 39 gold pieces
 48737 | Shoals:4 | Bought 2 potions of curing for 78 gold pieces
 48737 | Shoals:4 | Bought a potion of heal wounds for 65 gold pieces
 48737 | Shoals:4 | Bought a potion of might for 52 gold pieces
 48737 | Shoals:4 | Bought a potion of might for 52 gold pieces
 48737 | Shoals:4 | Bought a potion of heal wounds for 65 gold pieces
 48842 | Shoals:4 | Noticed Polyphemus
 48855 | Shoals:4 | Killed Polyphemus
 49144 | Shoals:4 | Reached skill level 1 in Throwing
 49368 | Shoals:4 | Got a barnacled rune of Zot
 49777 | Vaults:1 | Entered Level 1 of the Vaults
 49954 | Vaults:1 | Reached XP level 19. HP: 168/168 MP: 16/16
 50050 | Vaults:1 | Reached skill level 15 in Evocations
 50743 | Vaults:1 | Identified the +10 arbalest of Contradiction {flame, rC-
                  | Int+7}
 51100 | Vaults:2 | Reached skill level 21 in Fighting
 51660 | Vaults:2 | Identified the +0 chain mail "Dimp" {rPois rC+ rN+ Int+2}
 52624 | Vaults:3 | Reached skill level 5 in Throwing
 52634 | Vaults:3 | Found a crumbling gateway.
 52654 | Desolati | Entered the Desolation of Salt
 52835 | Desolati | Identified the +6 hand axe "Fasyom" {spect, Will+}
 52840 | Desolati | Identified the +4 mace of Toeqebb {venom, Dex+2}
 52846 | Desolati | Got the Guide on Moulding
 53149 | Desolati | Reached XP level 20. HP: 165/180 MP: 17/17
 53161 | Desolati | Reached skill level 22 in Fighting
 53197 | Desolati | Found the +8 longbow "Zephyr" {speed, Dex+3 SInv}
 53363 | Desolati | Got Safiytwu's Almanac of the Entrancing Rocks
 53377 | Desolati | Got the Volume of Stones
 53727 | Desolati | Identified the +3 ring mail of Plog {rPois rC- Int+9
                  | Stlth-}
 53728 | Desolati | Identified the +1 chain mail of the New World {rElec Str+7
                  | Dex-2 Slay+3}
 53768 | Desolati | Found the +9 heavy crossbow "Sniper" {vorpal, Acc+∞ SInv}
 53773 | Desolati | Identified the +10 rapier of Foqau {vorpal, rPois rC- Str+4
                  | Int+4}
 53945 | Vaults:3 | Lost mutation: Your magical capacity is low. (-10% MP)
                  | [potion of mutation]
 53945 | Vaults:3 | Lost mutation: You expend magic power (3 MP) to strengthen
                  | your wands. [potion of mutation]
 53945 | Vaults:3 | Gained mutation: You are somewhat resistant to further
                  | mutation. [potion of mutation]
 53945 | Vaults:3 | Gained mutation: You are clumsy. (Dex -2) [potion of
                  | mutation]
 54837 | Vaults:3 | Found a staircase to the Crypt.
 54837 | Vaults:3 | Found a basalt altar of Yredelemnul.
 54837 | Vaults:3 | Found an ancient bone altar of Kikubaaqudgha.
 55186 | Vaults:4 | Noticed Mara
 55196 | Vaults:4 | Killed Mara
 55341 | Vaults:4 | Reached skill level 23 in Fighting
 55659 | Vaults:4 | Noticed Sojobo
 55693 | Vaults:4 | Killed Sojobo
 55796 | Vaults:4 | Reached XP level 21. HP: 189/189 MP: 20/20
 56544 | Vaults:5 | Entered Level 5 of the Vaults
 56941 | Elf:1    | Found a runed translucent door.
 57117 | Elf:1    | Noticed Frances
 57139 | Elf:1    | Killed Frances
 57284 | Elf:1    | Found a shimmering blue altar of Sif Muna.
 57355 | Elf:1    | Found Quohoam's Assorted Antiques.
 57366 | Elf:1    | Bought a scroll of teleportation for 102 gold pieces
 57366 | Elf:1    | Bought a scroll of enchant weapon for 255 gold pieces
 57366 | Elf:1    | Bought a scroll of fear for 119 gold pieces
 57379 | Elf:1    | Reached skill level 24 in Fighting
 57820 | Elf:2    | Cast into level 4 of the Abyss (a deep elf sorcerer)
 58135 | Elf:2    | Escaped the Abyss
 58476 | Elf:2    | Reached skill level 1 in Stealth
 58774 | Elf:2    | Found a runed translucent door.
 58803 | Elf:2    | Found a runed translucent door.
 58944 | Elf:2    | Paralysed by an air elemental for 1 turns
 59411 | Elf:2    | Found Mylies's Distillery.
 59427 | Elf:2    | Bought a potion of berserk rage for 90 gold pieces
 59427 | Elf:2    | Bought a potion of might for 72 gold pieces
 59427 | Elf:2    | Bought a potion of heal wounds for 90 gold pieces
 59427 | Elf:2    | Bought a potion of curing for 54 gold pieces
 59556 | Elf:2    | Found a shimmering blue altar of Sif Muna.
 59836 | Elf:3    | Entered Level 3 of the Elven Halls
 60015 | Elf:3    | Found Xiobor's Book Emporium.
 60719 | Elf:2    | Reached XP level 22. HP: 201/201 MP: 21/21
 61502 | Elf:3    | Reached skill level 25 in Fighting
 61504 | Elf:3    | Identified the +5 great sword of the Final Interlopers
                  | {pain, rF- rN+ MP+9 Int+9}
 62070 | Elf:3    | Cast into level 2 of the Abyss (a deep elf sorcerer)
 62484 | Abyss:2  | Gained mutation: You occasionally shout uncontrollably at
                  | your foes. [a neqoxec]
 62491 | Elf:3    | Escaped the Abyss
 62491 | Elf:3    | Identified the amulet of Xom's Fury {Acrobat +Inv rC+ Str+4
                  | Int-3 Slay+3}
 62924 | Elf:3    | Got Wayhus's Papyrus of the Oath
 62934 | Elf:3    | Identified the +3 broad axe "Undertaker" {vorpal, *Slow
                  | rN+++ Will- Stlth+}
 62938 | Elf:3    | Identified the +10 plate armour of the New World {Int+3}
 62943 | Elf:3    | Got the Compendium of Scorching Clay
 62949 | Elf:3    | Got the Almanac of Freezing Poison
 62953 | Elf:3    | Got Lanedod's Catalogue of the Ashen Traveller
 63005 | Elf:3    | Got the Reference Book on Transformation and Earth
 63903 | Vaults:5 | Noticed a dread lich
 63925 | Vaults:5 | Killed a dread lich
 64003 | Vaults:5 | Noticed a golden dragon
 64013 | Vaults:5 | Noticed a golden dragon
 64122 | Vaults:5 | Killed a golden dragon
 64135 | Vaults:5 | Reached skill level 26 in Fighting
 64141 | Vaults:5 | Killed from afar by a tengu reaver

Illustrated notes

Levels and vault maps discovered:
D:1:      dpeg_cavernosity, layout_loops_ring,
          dreamdust_ecumenical_altar_statues, chequers_garden,
          minmay_misc_feat_pillars
D:2:      layout_loops_ring, minmay_randomly_rotated_circles, uniq_sigmund
D:3:      layout_basic, kennysheep_generic_room_2
D:4:      layout_loops_ring, gammafunk_ghost_grave, enter_ossuary_4
D:5:      layout_rooms, nicolae_overflow_hidden_temple, minmay_starry_boxes,
          uniq_blork_the_orc
D:6:      layout_rooms
D:7:      minmay_klotski, layout_loops_ring, minmay_overflow_temple_hex,
          temple_hall, chequers_serial_rivers_small_a, minivault_25,
          serial_bayou_lake_a
D:8:      layout_loops_cross, mainiacjoe_overflow_alcove_1, trog_wizard,
          mainiacjoe_overflow_tiny_flanked, hangedman_minor_gate_pass
D:9:      layout_stronghold, dpeg_oklobed_lair,
          nicolae_concentric_dashed_squares_wild
D:10:     minmay_razor_zed, layout_loops_ring
D:11:     layout_cave_pools
D:12:     layout_stronghold, orc_0_dummy
D:13:     layout_loops_corners, serial_undead, serial_undead_d, serial_undead_c,
          serial_undead_a, serial_undead_e, gammafunk_ghost_grave,
          nicolae_shop_gadgets
D:14:     layout_rooms, david_vaults_5, hangedman_decor_push,
          kennysheep_generic_room_3, uniq_rupert
D:15:     gammafunk_depths_entry_grave, layout_small_grid,
          kiku_gazebo_pond_becter, hive_lemuel
Temple:   dpeg_three_leaves_temple
Lair:1:   layout_regular_city, gammafunk_ghost_cemetery, uniq_erica,
          uniq_fannar, uniq_joseph
Lair:2:   cheibrodos_lair_overgrown_chateau, layout_chaotic_city,
          cheibrodos_lair_caveside_slide, uniq_nergalle
Lair:3:   layout_regular_city, hellmonk_spider_entry_not_the_bees,
          grunt_megastairs_2
Lair:4:   layout_gridlike, shoals_dummy_entry
Lair:5:   layout_regular_city, uniq_nessos, uniq_sonja
Lair:6:   hangedman_lair_tendril_chambers, layout_small_grid,
          hangedman_lair_caniforms_friends, dpeg_slime_entry_enclosed_altar,
          cheibrodos_lair_lostbears
Shoals:1: cheibrodos_shoals_three_sisters, layout_shoals
Shoals:2: layout_shoals, serial_shops, shop, st_shoals_ruin
Shoals:3: layout_shoals
Shoals:4: shoals_end_grunt_garden, layout_shoals, serial_shops, shop,
          uniq_polyphemus
Spider:1: layout_chambers
Spider:2: layout_spider_delve, guppyfry_spider_mini_2
Spider:3: layout_cave_pods, special_room, nicolae_spider_altar_of_dancing
Spider:4: grunt_spider_rune_circles, uniq_aizul, uniq_arachne, uniq_nikola
Orc:1:    emtedronai_trogs_sanctum, layout_caves, enter_volcano_1,
          nicolae_shop_self_help
Orc:2:    st_orc_town, layout_diamond_mine, serial_shops,
          nicolae_shop_temple_entry_statues_fountains, hangedman_feature_mirror,
          mines4_lemuel, uniq_urug
Elf:1:    nicolae_elf_arrival_dilemma, layout_rooms, basic_altar, serial_shops,
          nicolae_shop_stone, minmay_elf_sorcery, grunt_megastairs_4,
          uniq_frances
Elf:2:    nicolae_elf_blades_splatter_lattice
          [nicolae_blade_entry_splitting_headache], layout_rooms, serial_shops,
          nicolae_shop_hallway_plus, nicolae_concentric_dashed_squares_mild,
          nicolae_elf_theology_debate
Elf:3:    minmay_elf_hall_quartered_circle, layout_geoelf_grid, serial_shops,
          nicolae_shop_hallway_plus, fake_guardian_serpent_vault
Vaults:1: hangedman_vaults_restitches, hangedman_vaults_capsules,
          grunt_vaults_focal, st_cross, ontoclasm_vaults_ring_square,
          vaults_room_ringed_pool, nicolae_vaults_yaktaur_gun_rack,
          nicolae_vaults_mini_display_case, nicolae_vaults_diagonal_hallway_7,
          ontoclasm_vaults_loading_screen, layout_vaults_big_room
Vaults:2: nicolae_vaults_angled_halls, nicolae_vaults_quadrants,
          vaults_mumra_chevron_long, nicolae_vaults_disjoint_gnomons,
          nicolae_vaults_what_the_h, v_rooms_1, vaults_mumra_minichess,
          v_pattern_4, v_misc_15, v_misc_4, nicolae_vaults_asterisk,
          ontoclasm_vaults_idyll, nicolae_vaults_little_ls, serial_ice_b,
          layout_vaults_maze
Vaults:3: portal_desolation_entry_salt, vaults_standard_mumra_x,
          hangedman_vaults_maws, minmay_crypt_entry_necro_gods,
          hangedman_vaults_pinch, ontoclasm_vaults_gateway,
          ontoclasm_vaults_eye, v_alt_pattern_2, grunt_vaults_funnel,
          ontoclasm_vaults_misaligned, nicolae_vaults_gold_heap,
          layout_vaults_ring
Vaults:4: nicolae_vaults_little_squares_1, v_misc_29,
          nicolae_vaults_twisting_passages, vaults_room_fours,
          vaults_room_fancy_cross, v_misc_10, v_misc_29, layout_vaults_omnigrid,
          uniq_sojobo, uniq_mara
Vaults:5

Skill      XL: |  1  2  3  4  5  6  7  8  9 10 11 12 13 14 15 16 17 18 19 20 21 22 |
---------------+-------------------------------------------------------------------+-----
Armour         | 4 5 7 8 9 11 13 15 16 19 20 21 22 23 | 23.9
Fighting       | 4 5 6 7 8 9 10 12 13 15 17 19 20 21 23 24 26 | 26.0
Evocations     | 1 2 3 4 5 7 8 9 10 11 12 13 14 15 16 | 16.3
Axes           | 3 4 5 7 9 10 12 14 15 16 17 18 19 20 | 20.3
Shields        | 4 5 6 7 8 9 11 13 14 16 17 19 20 22 23 | 23.7
Throwing       | 2 5 7 |  7.7
Stealth        | 2 3 |  3.0
Dodging        | |  0.6

Action                   |  1- 3 |  4- 6 |  7- 9 | 10-12 | 13-15 | 16-18 | 19-21 | 22-24 || total
-------------------------+-------+-------+-------+-------+-------+-------+-------+-------++-------
Melee: War axe           |    55 |   114 |   279 |   377 |   870 |   267 |       |       ||  1962
       Headbutt          |     6 |    14 |    52 |    96 |   223 |   365 |   386 |   118 ||  1260
       Broad axe         |       |       |       |       |       |  1141 |  1276 |   385 ||  2802
Throw: Throwing net      |       |       |       |       |     2 |       |       |       ||     2
Invok: Ancestor Identity |       |       |       |     1 |       |       |       |       ||     1
       Ancestor Life: Ba |       |       |       |     1 |       |       |       |       ||     1
       Recall Ancestor   |       |       |       |       |     8 |     6 |     2 |     1 ||    17
 Abil: Evoke Invisibilit |       |       |       |       |     1 |       |       |       ||     1
Evoke: Wand              |       |       |     3 |    16 |    21 |    23 |       |       ||    63
       Phantom mirror    |       |       |       |       |     2 |       |       |       ||     2
  Use: Scroll            |     1 |     2 |     5 |    16 |    15 |    22 |     7 |     8 ||    76
       Potion            |       |     5 |     9 |     2 |    10 |     3 |     8 |     5 ||    42
 Stab: Paralysed         |       |       |     3 |    21 |    15 |       |       |       ||    39
       Distracted        |       |       |       |     4 |    12 |    30 |    24 |     4 ||    74
Armor: Scale mail        |    25 |    62 |    71 |       |       |       |       |       ||   158
       Chain mail        |       |       |    98 |   196 |   438 |       |       |       ||   732
       Skin              |       |       |     4 |     7 |       |       |       |       ||    11
       Crystal plate arm |       |       |       |       |     7 |   796 |   408 |   142 ||  1353
Dodge: Dodged            |    23 |    38 |   117 |   137 |   281 |   252 |   157 |    49 ||  1054
Block: Buckler           |    13 |    28 |    69 |    98 |    87 |       |       |       ||   295
       Kite shield       |       |       |       |       |   409 |  1218 |   903 |   286 ||  2816
       Reflection        |       |       |       |       |       |    50 |    60 |    13 ||   123
